 Dungeon Crawl Stone Soup version 0.24.0-29-g8ce449bc06 (webtiles) character file.

Game seed: 15094982366302094246, levelgen mode: deterministic

126366 Peloso the Peltast (level 16, 0/149 HPs)
             Began as a Minotaur Fighter on Nov 16, 2019.
             Was the Champion of Okawaru.
             Slain by a torpor snail (7 damage)
             ... on level 3 of the Spider Nest.
             The game lasted 01:19:54 (29599 turns).

Peloso the Peltast (Minotaur Fighter)              Turns: 29599, Time: 01:19:59

Health: 0/149      AC: 20    Str: 34    XL:     16   Next: 43%
Magic:  17/17      EV: 16    Int:  5    God:    Okawaru [******]
Gold:   2697       SH: 18    Dex: 21    Spells: 15/15 levels left

rFire    + . .     SeeInvis .   b - +3 long sword of Megalomania {flame, Str+6}
rCold    . . .     Gourm    .   c - +0 shield
rNeg     + . .     Faith    +   L - +2 chain mail of Impatience {Slay+5 Stlth+}
rPois    +         Spirit   .   h - +0 hat of Indomitability {Dex+2}
rElec    .         Reflect  .   F - +2 cloak {rPois}
rCorr    .         Harm     .   X - +0 pair of gloves {Dex+3}
MR       +....                  (no boots)
Stlth    +.........             W - amulet of faith
HPRegen  0.34/turn              l - ring of Vanguna {rN+ Dex+4}
MPRegen  0.15/turn              O - ring "Oblufaec" {rF+ Str+2}

@: slowed, very slow
A: retaliatory headbutt, horns 2
a: Heroism, Finesse, Renounce Religion


You were on level 3 of the Spider Nest.
You worshipped Okawaru.
Okawaru was exalted by your worship.
You were not hungry.

You visited 5 branches of the dungeon, and saw 27 of its levels.
You also visited: Gauntlet, Ice Cave and Volcano.

You collected 2945 gold pieces.
You spent 248 gold pieces at shops.

Inventory:

Hand Weapons
 a - a +3 double sword of holy wrath
 b - the +3 long sword of Megalomania (weapon) {flame, Str+6}
   (You took it off a minotaur in a Gauntlet)

   It has been specially enchanted to burn those struck by it, causing extra
   injury to most foes and up to half again as much damage against particularly
   susceptible opponents.
   Big, fiery blades are also staple armaments of hydra-hunters.
   It affects your strength (+6).
Armour
 c - a +0 shield (worn)
 h - the +0 hat of Indomitability (worn) {Dex+2}
   (Okawaru gifted it to you on level 3 of the Lair of Beasts)

   It affects your dexterity (+2).
 m - a +2 crystal plate armour
 t - a scarf of cloud immunity
 F - a +2 cloak of poison resistance (worn)
 J - the +3 scale mail of Mosih {rElec rF++}
   (You found it on level 7 of the Dungeon)

   It greatly protects you from fire.
   It insulates you from electricity.
 L - the +2 chain mail of Impatience (worn) {Slay+5 Stlth+}
   (Okawaru gifted it to you on level 11 of the Dungeon)

   It affects your accuracy and damage with ranged weapons and melee attacks
   (+5).
   It makes you more stealthy.
 X - a +0 pair of gloves of dexterity (worn)
Jewellery
 k - an uncursed amulet of regeneration
 l - the ring of Vanguna (left hand) {rN+ Dex+4}
   (You found it on level 9 of the Dungeon)

   [ring of positive energy]

   It affects your dexterity (+4).
   It protects you from negative energy.
 y - a +4 amulet of reflection
 O - the ring "Oblufaec" (right hand) {rF+ Str+2}
   (You found it in a Gauntlet)

   [ring of strength]

   It affects your strength (+2).
   It protects you from fire.
 V - an amulet of Spontaneous Combustion {Spirit rElec Str+4}
   (You found it in an ice cave)

   [amulet of guardian spirit]

   It causes incoming damage to be split between your health and magic.
   It affects your strength (+4).
   It insulates you from electricity.
 W - an amulet of faith (around neck)
Wands
 n - a wand of enslavement (6)
 M - a wand of digging (4)
Scrolls
 e - 11 scrolls of remove curse
 j - a scroll of amnesia
 p - 4 scrolls of fear
 u - 4 scrolls of identify
 z - 2 scrolls of noise
 A - 14 scrolls of teleportation
 B - 3 scrolls of blinking
 K - 3 scrolls of magic mapping
 Q - 3 scrolls of fog
Potions
 d - 4 potions of might
 g - 6 potions of haste
 i - 5 potions of heal wounds
 r - 3 potions of berserk rage
 s - a potion of mutation
 x - 3 potions of curing
 D - a potion of resistance
 G - 4 potions of agility
 H - 2 potions of flight
Comestibles
 f - 58 rations
 o - 3 chunks of flesh


   Skills:
 + Level 15.1 Fighting
 + Level 17.1 Long Blades
   Level 1.0 Axes
 + Level 14.7 Armour
 + Level 8.0 Dodging
 + Level 2.5 Stealth
 + Level 19.0 Shields
 + Level 3.7 Invocations
 + Level 1.8 Evocations


You had 15 spell levels left.
You didn't know any spells.
Your spell library contained the following spells:

 Spells                   Type           Power        Failure   Level  Hunger
 Apportation              Tloc           #.....       83%         1    ##.....
 Confusing Touch          Hex            #.....       83%         1    ##.....
 Sandblast                Erth           #.....       83%         1    ##.....
 Sting                    Conj/Pois      #...         83%         1    ##.....
 Summon Butterflies       Summ           #.......     83%         1    ##.....
 Passwall                 Tmut/Erth      #.......     92%         2    ###....
 Poisonous Vapours        Pois/Air       #.....       92%         2    ###....
 Call Canine Familiar     Summ           #.......     99%         3    ####...
 Confuse                  Hex            #.......     99%         3    ####...
 Gell's Gravitas          Tloc           #.........   99%         3    ####...
 Lesser Beckoning         Tloc           #.........   99%         3    ####...
 Mephitic Cloud           Conj/Pois/Air  #.......     99%         3    ####...
 Stone Arrow              Conj/Erth      #.....       99%         3    ####...
 Tukima's Dance           Hex            #.......     99%         3    ####...
 Olgreb's Toxic Radiance  Pois           #.......     100%        4    #####..
 Petrify                  Tmut/Erth      #.......     100%        4    #####..
 Summon Ice Beast         Ice/Summ       #.......     100%        4    #####..
 Alistair's Intoxication  Tmut/Pois      #.......     100%        5    ######.
 Irradiate                Conj/Tmut      #.........   100%        5    ######.
 Lee's Rapid Deconstruct  Erth           #.........   100%        5    ######.
 Metabolic Englaciation   Hex/Ice        #.........   100%        5    ######.
 Summon Mana Viper        Hex/Summ       #.......     100%        5    ######.
 Venom Bolt               Conj/Pois      #.........   100%        5    ######.
 Yara's Violent Unravell  Hex/Tmut       #.........   100%        5    ######.
 Hydra Form               Tmut           #.........   100%        6    #######
 Invisibility             Hex            #.......     100%        6    #######
 Statue Form              Tmut/Erth      #........    100%        6    #######
 Dragon Form              Tmut           #.........   100%        7    #######
 Summon Hydra             Summ           #.........   100%        7    #######


Dungeon Overview and Level Annotations

Branches:
Dungeon (15/15)            Temple (1/1) D:6            Lair (6/6) D:11
 Shoals (0/4) Lair:3       Spider (2/4) Lair:4        Slime (0/5) Lair:5
    Orc (2/2) D:11            Elf (0/3) Orc:2        Vaults (0/5) D:13
 Depths (0/5) D:15          IceCv (visited)         Volcano (visited)
Gauntlet (visited)

Altars:
Ashenzari
Cheibriados
Dithmenos
Elyvilon
Fedhas
Gozag
Hepliaklqana
Kikubaaqudgha
Makhleb
Nemelex Xobeh
Okawaru
Qazlal
Ru
Sif Muna
Trog
Uskayaw
Vehumet
Wu Jian
Xom
Yredelemnul
Zin
The Shining One
Jiyva

Shops:
D:13 [   Orc:2 [*([


Innate Abilities, Weirdness & Mutations

You reflexively headbutt those who attack you in melee.
You have a pair of horns on your head.


Message History

The emperor scorpion is almost dead.
You feel sick.
The wolf spider hits you but does no damage.
You block the wolf spider's attack.
You block the emperor scorpion's attack.
The emperor scorpion claws you but does no damage.
You block the emperor scorpion's attack.
The torpor snail bites you!
* * * LOW HITPOINT WARNING * * *
The wolf spider barely misses you.
You riposte.
You slice the wolf spider!! You burn the wolf spider.
You kill the wolf spider!
Okawaru accepts your kill.
You feel better.
You block the emperor scorpion's attack.
The emperor scorpion claws you.
* * * LOW HITPOINT WARNING * * *
You block the emperor scorpion's attack.
The torpor snail bites you!
You die...

.# ..# .^#
...# ...#
#...#
####s...#
##..@w...#
#........#
##.......#
#......^#
##..#..##
#######


You could see an emperor scorpion and a torpor snail.

Vanquished Creatures
  Rupert (D:14)
  Jorgrun (D:12)
  Frances (D:14)
  An entropy weaver (Spider:1)
  Nessos (Lair:5)
  Azrael (D:14)
  A minotaur (Gauntlet)
  6 dire elephants (Lair:6)
  An ettin (Orc:1)
  An ogre mage (Orc:1)
  5 hydras
  Erolcha (D:9)
  2 ice dragons (IceCv)
  3 vault guards (D:13)
  A catoblepas (D:15)
  2 centaur warriors (D:15)
  An anaconda (Lair:6)
  10 two-headed ogres
  A tengu warrior (D:11)
  Nergalle (D:11)
  5 orc high priests (Orc:2)
  Sonja (D:11)
  A sun demon (Volcano)
  2 unseen horrors
  A lindwurm (Lair:6)
  8 orc knights
  A wizard (D:15)
  12 wolf spiders
  6 orc sorcerers
  A necromancer (D:15)
  8 orb spiders
  A shining eye (Gauntlet)
  5 cyclopes
  A deep elf mage (D:15)
  4 ugly things
  2 statues (D:15)
  Maurice (D:8)
  10 elephants
  3 black mambas
  3 centaur zombies
  2 merfolk sirens (Lair:3)
  2 naga magi (D:15)
  2 ice statues (IceCv)
  3 gargoyles
  A torpor snail (Spider:1)
  A smoke demon (Gauntlet)
  5 spiny frogs
  6 komodo dragons
  3 rime drakes
  The ghost of korach the Twirler, a novice GrGl of Trog (D:4)
  A komodo dragon (shapeshifter) (D:15)
  2 merfolk (Lair:3)
  A red devil (Gauntlet)
  9 demonic crawlers
  16 jumping spiders
  6 trolls
  3 hornets
  A wolf spider simulacrum (D:15)
  A polar bear (Lair:5)
  5 hippogriffs
  26 blink frogs
  Prince Ribbit (Lair:1)
  9 dream sheep
  6 water elementals (D:14)
  6 shadows (Gauntlet)
  10 tarantellas
  26 redbacks
  4 wyverns
  2 fire elementals (D:14)
  56 yaks
  4 hungry ghosts
  2 wraiths
  9 humans (D:13)
  Grum (D:11)
  A basilisk (D:11)
  5 wargs
  8 vampire mosquitoes
  An acid dragon (D:15)
  6 hell hounds
  7 water moccasins
  2 porcupines
  A meliai simulacrum (D:15)
  3 sky beasts
  A floating eye (Gauntlet)
  3 black bears
  28 orc warriors
  30 ice beasts
  A hornet zombie (D:14)
  5 phantoms
  An eye of draining (D:15)
  18 ogres
  4 wolves (D:11)
  11 crocodiles
  8 centaurs
  5 big kobolds
  23 bullfrogs
  A gnoll sergeant (D:9)
  A wyvern zombie (D:11)
  8 scorpions
  2 water moccasin skeletons
  4 killer bees (D:7)
  4 wights (D:8)
  3 electric eels (D:14)
  A howler monkey (D:9)
  14 crimson imps
  A lava snake (Orc:1)
  6 jellies
  6 centaur skeletons
  4 hounds
  20 orc priests
  A bullfrog skeleton (D:5)
  22 orc wizards
  3 iguanas
  13 worker ants
  3 hound skeletons
  3 worker ant zombies
  10 gnolls
  12 adders
  5 shadow imps
  2 oozes (D:2)
  An adder zombie (D:7)
  An adder skeleton (D:7)
  6 worms
  4 dart slugs
  9 leopard geckos
  73 orcs
  7 ball pythons
  6 bats
  8 giant cockroaches
  12 goblins
  5 hobgoblins
  5 jackals
  4 quokkas
  2 frilled lizards (D:3)
  A jackal skeleton (D:6)
  20 kobolds
  2 leopard gecko skeletons
  A leopard gecko zombie (D:8)
  7 rats
  3 bushes
  A fungus (Lair:6)
  3 plants (Lair:6)
853 creatures vanquished.

Vanquished Creatures (others)
  A water elemental (D:14)
  A vampire mosquito (D:14)
  An orc priest (D:14)
  2 orc wizards
  6 fungi
  12 plants
23 creatures vanquished.

Grand Total: 876 creatures vanquished

Notes
Turn   | Place    | Note
-------+----------+-------------------------------------------
     0 | D:1      | Peloso the Minotaur Fighter began the quest for the Orb.
     0 | D:1      | Reached XP level 1. HP: 19/19 MP: 0/0
   115 | D:1      | Reached XP level 2. HP: 27/27 MP: 1/1
   261 | D:1      | Reached skill level 4 in Shields
   663 | D:2      | Reached XP level 3. HP: 33/33 MP: 2/2
   884 | D:2      | Reached XP level 4. HP: 35/41 MP: 3/3
  1536 | D:3      | Reached XP level 5. HP: 46/47 MP: 4/4
  1563 | D:3      | Reached skill level 5 in Fighting
  2356 | D:4      | Found an opulent altar of Gozag.
  2491 | D:4      | Found a runed translucent door.
  2498 | D:4      | Reached skill level 5 in Shields
  2522 | D:4      | Noticed korach's ghost (novice GrGl)
  2898 | D:4      | Reached XP level 6. HP: 56/56 MP: 5/5
  2909 | D:4      | Reached skill level 5 in Armour
  3303 | D:5      | Entered Level 5 of the Dungeon
  3331 | D:5      | Reached skill level 5 in Long Blades
  3410 | D:5      | Reached XP level 7. HP: 54/61 MP: 6/6
  3837 | D:5      | Found a glowing silver altar of Zin.
  3837 | D:5      | Found a stormy altar of Qazlal.
  3838 | D:5      | Found a basalt altar of Yredelemnul.
  3862 | D:5      | Found a bloodstained altar of Trog.
  4398 | D:6      | Reached skill level 6 in Shields
  4398 | D:6      | Reached XP level 8. HP: 59/70 MP: 7/7
  4659 | D:6      | Found a staircase to the Ecumenical Temple.
  4669 | Temple   | Entered the Ecumenical Temple
  4873 | D:6      | Found a sparkling altar of Nemelex Xobeh.
  4892 | D:6      | Found a burning altar of Makhleb.
  5652 | D:7      | Found an iron altar of Okawaru.
  5723 | D:7      | Became a worshipper of Warmaster Okawaru
  5728 | D:7      | Got a faintly humming scale mail
  5739 | D:7      | Identified the +3 scale mail of Mosih {rElec rF++} (You
                  | found it on level 7 of the Dungeon)
  5946 | D:7      | Reached skill level 7 in Shields
  6049 | D:7      | Reached XP level 9. HP: 54/79 MP: 8/8
  6099 | D:7      | Reached skill level 1 in Dodging
  6127 | D:7      | Reached * piety under Okawaru
  6886 | D:8      | Found a blossoming altar of Fedhas.
  7001 | D:8      | Reached skill level 10 in Long Blades
  7030 | D:8      | Reached skill level 8 in Shields
  7133 | D:8      | Reached ** piety under Okawaru
  7409 | D:8      | Noticed Maurice
  7414 | D:8      | Noticed a two-headed ogre
  7498 | D:8      | Killed a two-headed ogre
  7498 | D:8      | Reached skill level 9 in Shields
  7498 | D:8      | Reached skill level 1 in Evocations
  7498 | D:8      | Reached XP level 10. HP: 44/88 MP: 9/9
  7868 | D:8      | Killed Maurice
  8572 | D:4      | Killed korach's ghost
  8572 | D:4      | Reached *** piety under Okawaru
  8695 | D:9      | Got a flickering lead ring
  8936 | D:9      | Noticed Erolcha
  8952 | D:9      | Killed Erolcha
  8952 | D:9      | Reached **** piety under Okawaru
  8957 | D:9      | Reached skill level 10 in Shields
  9163 | D:9      | Reached ***** piety under Okawaru
  9520 | D:9      | Reached XP level 11. HP: 97/97 MP: 11/11
  9527 | D:9      | Identified the ring of Vanguna {rN+ Dex+4} (You found it on
                  | level 9 of the Dungeon)
  9703 | D:9      | Noticed a two-headed hydra
  9707 | D:9      | Killed a one-headed hydra
  9898 | D:10     | Entered Level 10 of the Dungeon
  9921 | D:10     | Found a shadowy altar of Dithmenos.
 10010 | D:10     | Reached skill level 1 in Stealth
 10062 | D:10     | Reached skill level 10 in Armour
 10324 | D:10     | Killed an unseen horror
 10324 | D:10     | Reached skill level 1 in Axes
 10645 | D:11     | Reached skill level 11 in Shields
 10648 | D:11     | Received a gift from Okawaru
 10651 | D:11     | Got a shimmering chain mail {god gift}
 10728 | D:11     | Found a gate leading to a gauntlet.
 10739 | Gauntlet | Entered a Gauntlet
 10739 | Gauntlet | Found a transporter.
 10739 | Gauntlet | Found a transporter.
 10739 | Gauntlet | Noticed a necromancer
 10741 | Gauntlet | Found a transporter.
 10742 | Gauntlet | Found a transporter.
 10745 | Gauntlet | Found a transporter.
 10745 | Gauntlet | Found a transporter.
 10779 | Gauntlet | Found a transporter.
 10783 | Gauntlet | Found a transporter.
 10790 | Gauntlet | Found a runed translucent door.
 10792 | Gauntlet | Noticed a dire elephant
 10793 | Gauntlet | Found a transporter.
 10808 | Gauntlet | Found a transporter.
 10812 | Gauntlet | Found a transporter.
 10833 | Gauntlet | Found a transporter.
 10847 | Gauntlet | Noticed a shining eye
 10873 | Gauntlet | Killed a shining eye
 10874 | Gauntlet | Reached skill level 1 in Invocations
 10995 | Gauntlet | Identified the +2 chain mail of Impatience {Slay+5 Stlth+}
                  | (Okawaru gifted it to you on level 11 of the Dungeon)
 11241 | Gauntlet | Reached skill level 5 in Dodging
 11257 | Gauntlet | Got a fine bronze ring
 11267 | Gauntlet | Identified the ring "Oblufaec" {rF+ Str+2} (You found it in
                  | a Gauntlet)
 11514 | Gauntlet | Identified the +3 long sword of Megalomania {flame, Str+6}
 11514 | Gauntlet | Noticed a minotaur
 11527 | Gauntlet | Killed a minotaur
 11527 | Gauntlet | Reached XP level 12. HP: 76/106 MP: 4/12
 11592 | D:11     | Noticed Grum
 11598 | D:11     | Killed Grum
 11598 | D:11     | Reached skill level 10 in Fighting
 11787 | D:11     | Noticed a tengu warrior
 11793 | D:11     | Killed a tengu warrior
 11793 | D:11     | Reached skill level 12 in Shields
 11840 | D:11     | Found a staircase to the Orcish Mines.
 11892 | D:11     | Noticed Sonja
 11897 | D:11     | Killed Sonja
 11909 | D:11     | Identified the Papyrus of Aerial Calling
 12068 | D:11     | Found a staircase to the Lair.
 12301 | D:12     | Noticed a two-headed ogre
 12317 | D:12     | Killed a two-headed ogre
 12515 | D:12     | Noticed a two-headed ogre
 12522 | D:12     | Killed a two-headed ogre
 12522 | D:12     | Received a gift from Okawaru
 12580 | D:12     | Noticed Jorgrun
 12592 | D:12     | Killed Jorgrun
 12869 | D:12     | Reached skill level 13 in Shields
 13198 | Lair:1   | Entered Level 1 of the Lair of Beasts
 13198 | Lair:1   | Noticed Nergalle
 13206 | D:11     | Killed Nergalle
 13232 | Lair:1   | Noticed an eight-headed hydra
 13250 | Lair:1   | Noticed Prince Ribbit
 13255 | Lair:1   | Killed a four-headed hydra
 13255 | Lair:1   | Reached XP level 13. HP: 71/116 MP: 14/14
 13267 | Lair:1   | Killed Prince Ribbit
 15203 | Lair:3   | Found a staircase to the Shoals.
 15211 | Lair:3   | Received a gift from Okawaru
 15222 | Lair:3   | Reached ****** piety under Okawaru
 15240 | Lair:3   | Got a shimmering hat {god gift}
 15246 | Lair:3   | Identified the +0 hat of Indomitability {Dex+2} (Okawaru
                  | gifted it to you on level 3 of the Lair of Beasts)
 15283 | Lair:3   | Reached skill level 14 in Shields
 16067 | Lair:4   | Reached skill level 15 in Long Blades
 16242 | Lair:4   | Found a hole to the Spider Nest.
 16778 | D:13     | Found Hafeq's Antique Armour Boutique.
 16891 | D:13     | Received a gift from Okawaru
 16962 | D:13     | Reached skill level 15 in Shields
 16989 | D:13     | Reached XP level 14. HP: 122/126 MP: 15/15
 17164 | D:13     | Found a gate to the Vaults.
 17727 | Orc:1    | Entered Level 1 of the Orcish Mines
 17747 | Orc:1    | Received a gift from Okawaru
 17997 | Orc:2    | Entered Level 2 of the Orcish Mines
 18049 | Orc:1    | Received a gift from Okawaru
 18468 | Orc:2    | Found a staircase to the Elven Halls.
 19479 | Orc:2    | Received a gift from Okawaru
 19507 | Orc:2    | Reached skill level 16 in Shields
 19780 | Orc:2    | Found Laudd's Antique Armour Shop.
 19780 | Orc:2    | Found Hedisonats's Antique Armour Emporium.
 19788 | Orc:2    | Found Sopesch's Weapon Shop.
 19788 | Orc:2    | Found Xagrirax's Assorted Antiques.
 19808 | Orc:2    | Bought a potion of mutation for 248 gold pieces
 20110 | Orc:1    | Received a gift from Okawaru
 20686 | Lair:5   | Noticed Nessos
 20703 | Lair:5   | Killed Nessos
 20776 | Lair:5   | Found a staircase to the Slime Pits.
 20777 | Lair:5   | Found a viscous altar of Jiyva.
 21159 | Lair:6   | Entered Level 6 of the Lair of Beasts
 21222 | Lair:6   | Found a dark tunnel.
 21231 | Volcano  | Entered a volcano
 21320 | Volcano  | Received a gift from Okawaru
 21825 | Lair:6   | Reached XP level 15. HP: 93/136 MP: 16/16
 22194 | Lair:6   | Received a gift from Okawaru
 22623 | Lair:6   | Reached skill level 17 in Shields
 23272 | D:14     | Noticed Frances
 23295 | D:14     | Killed Frances
 23296 | D:14     | Noticed Rupert
 23314 | D:14     | Noticed Azrael
 23320 | D:14     | Killed Rupert
 23328 | D:14     | Killed Azrael
 23328 | D:14     | Received a gift from Okawaru
 24302 | D:15     | Entered Level 15 of the Dungeon
 24328 | D:15     | Found a frozen archway.
 24394 | IceCv    | Entered an ice cave
 25037 | IceCv    | Got a twitching graven amulet
 25097 | IceCv    | Identified an amulet of Spontaneous Combustion {Spirit
                  | rElec Str+4} (You found it in an ice cave)
 25698 | Spider:1 | Entered Level 1 of the Spider Nest
 26681 | D:15     | Received a gift from Okawaru
 26698 | D:15     | Reached skill level 18 in Shields
 27318 | D:15     | Found a staircase to the Depths.
 27330 | D:15     | Reached XP level 16. HP: 127/147 MP: 17/17
 29288 | Spider:2 | Received a gift from Okawaru
 29288 | Spider:2 | Reached skill level 15 in Fighting
 29402 | Spider:2 | Reached skill level 19 in Shields
 29438 | Spider:2 | Got a pair of twisted boots {god gift}
 29444 | Spider:2 | Identified the +0 pair of boots of Dukhlic {+Blink rF+
                  | Dex-4} (Okawaru gifted it to you on level 2 of the Spider
                  | Nest)
 29583 | Spider:2 | You fall into a shaft and drop 1 floor!
 29598 | Spider:3 | HP: 4/149 [torpor snail (9)]
 29599 | Spider:3 | Slain by a torpor snail

Levels and vault maps discovered:
D:1:      minmay_arrival_shoal_huts, layout_basic
D:2:      layout_rooms
D:3:      layout_rooms, chequers_big_river
D:4:      layout_layer_cave, grunt_gozag_statues, ebering_ghost_sewer_d
D:5:      cheibrodos_helix_gallery, layout_basic, old_standard_altar,
          gammafunk_temple_overflow_forgotten, first_ration
D:6:      layout_layer_cave, kennysheep_little_box,
          nemelex_xobeh_ov_fountains_minmay, minmay_temple_entry_slanted
D:7:      layout_loops_ring, okawaru_gym_becter, kennysheep_generic_room_12
D:8:      layout_gridville, fedhas_bush_and_centaur_altar, uniq_maurice
D:9:      layout_roguey, hangedman_ranch [blue_anna_fruit_fields], uniq_erolcha
D:10:     layout_basic, grunt_dithmenos_smoke
D:11:     layout_loops_ring, david_lair_shrubbed, gauntlet_entry_generic,
          uniq_grum, uniq_sonja
D:12:     layout_irregular_city, uniq_jorgrun
D:13:     layout_long_grid, ximxim_vaults_locker_room, serial_shops,
          kennysheep_mini_moat, minmay_misc_feat_enclosed
D:14:     layout_loops_corners, serial_bayou, serial_bayou_crossing,
          serial_bayou_shore_a, serial_bayou_lake_a, serial_bayou_pond_a,
          nicolae_underground_beach, uniq_azrael, uniq_frances, uniq_rupert
D:15:     grunt_enter_depths_magical_seal, layout_rooms,
          portal_ice_cave_entry_ice_beasts, minmay_dual_archer_statues
Temple:   dshaligram_water_room_temple
Lair:1:   layout_hall_layers, serial_bayou_pond_b, st_stairs_5,
          uniq_prince_ribbit2, uniq_nergalle
Lair:2:   layout_chaotic_city
Lair:3:   layout_regular_city, elwin_shoals_entry_stream, lemuel_fruit_tree
Lair:4:   layout_misc_corridors, nicolae_spider_entry_non_spiders
Lair:5:   layout_gridlike, slime_altar_1, beast_lair_carwin_11, uniq_nessos
Lair:6:   due_jungle_book, layout_misc_corridors,
          nicolae_volcano_entry_vermiform
Spider:1: layout_spider_delve, guppyfry_spider_mini_2
Spider:2: layout_spider_delve, gammafunk_ghost_tricky_traps
Spider:3: nicolae_spider_mines_3
Orc:1:    layout_caves, abandoned_shop, nicolae_orc_lava_tube
Orc:2:    grunt_orc_tribal_feast, layout_caves

Skill      XL: |  1  2  3  4  5  6  7  8  9 10 11 12 13 14 15 16 |
---------------+-------------------------------------------------+-----
Shields        | 4 5 6 7 9 10 11 13 15 16 18 19 | 19.0
Armour         | 4 5 6 8 9 10 11 12 13 14 | 14.7
Fighting       | 4 5 7 9 11 12 13 14 15 | 15.1
Long Blades    | 3 4 5 8 9 10 12 13 14 15 16 17 | 17.1
Dodging        | 3 4 5 6 7 8 |  8.0
Evocations     | 1 |  1.8
Stealth        | 1 2 |  2.5
Axes           | 1 |  1.0
Invocations    | 1 3 |  3.7

Action                   |  1- 3 |  4- 6 |  7- 9 | 10-12 | 13-15 | 16-18 || total
-------------------------+-------+-------+-------+-------+-------+-------++-------
Melee: Long sword        |    71 |   187 |   410 |   599 |  1091 |   199 ||  2557
       Headbutt          |    16 |    38 |   104 |   212 |   437 |    87 ||   894
       Hand axe          |       |       |       |     7 |       |       ||     7
Invok: Heroism           |       |       |       |     8 |     4 |       ||    12
       Finesse           |       |       |       |     4 |     1 |       ||     5
Evoke: Wand              |       |       |    12 |     2 |       |       ||    14
  Use: Potion            |     1 |     2 |     1 |     2 |     2 |     1 ||     9
       Scroll            |       |     5 |     1 |    14 |    17 |       ||    37
  Eat: Chunk             |       |     7 |    11 |    14 |    37 |     6 ||    75
       Ration            |       |       |     1 |     2 |     3 |       ||     6
Armor: Scale mail        |    38 |    57 |    62 |    68 |     6 |       ||   231
       Plate armour      |       |    33 |    73 |       |       |       ||   106
       Chain mail        |       |     1 |       |    60 |   240 |   145 ||   446
Dodge: Dodged            |    33 |    50 |    90 |   143 |   419 |   206 ||   941
Block: Shield            |    35 |   129 |   215 |   343 |   821 |   305 ||  1848
       Reflection        |       |       |       |     6 |       |       ||     6
       Rpst.: Long sword |    10 |    11 |    24 |    30 |    82 |    28 ||   185
